 Dungeon Sprint DCSS version 0.26-a0-597-gb535b0901c (webtiles) character file.

Game seed: 16972613164904913363

491 Apogee the Thaumaturge (level 6, -1/41 HPs)
             Began as a Deep Elf Conjurer on Sept 12, 2020.
             Was a Priest of Vehumet.
             Slain by an ogre
             ... wielding a +0 giant spiked club
              (12 damage)
             ... in the Dungeon (Sprint V: "Ziggurat Sprint").
             The game lasted 00:05:27 (462 turns).

Apogee the Thaumaturge (Deep Elf Conjurer)           Turns: 462, Time: 00:05:27

Health: -1/41      AC:  2    Str:  4    XL:     6   Next: 91%
Magic:  17/23      EV: 13    Int: 37    God:    Vehumet [***...]
Gold:   0          SH:  0    Dex: 13    Spells: 20/29 levels left

rFire    . . .     SeeInvis .   M - +5 quick blade
rCold    . . .     Faith    .   (no shield)
rNeg     . . .     Spirit   .   a - +0 robe
rPois    .         Reflect  .   (no helmet)
rElec    .         Harm     .   (no cloak)
rCorr    .         NoTele   +   (no gloves)
MR       .....                  (no boots)
Stlth    ++........             (no amulet)
HPRegen  0.13/turn              v - +6 ring of intelligence
MPRegen  0.18/turn              w - +6 ring of intelligence

@: no status effects
A: no striking features
a: Renounce Religion


You were in the Dungeon.
You worshipped Vehumet.
Vehumet was most pleased with you.
You visited 1 branch

Inventory:

Hand Weapons
 M - a +5 quick blade (weapon)
   (You found it in the Dungeon)
Armour
 a - a +0 robe (worn)
 k - a +0 pair of boots of rampaging
   (You found it in the Dungeon)
 z - the +15 Maxwell's patent armour {-Cast -Tele rElec MR+ rCorr}
   (You found it in the Dungeon)

   It insulates you from electricity.
   It affects your resistance to hostile enchantments.
   It prevents spellcasting.
   It prevents most forms of teleportation.
   It provides partial protection from all sources of acid and corrosion.
 A - the +18 shield of the Gong {rElec rN+ MR+ EV-5}
   (You found it in the Dungeon)

   It affects your evasion (-5).
   It insulates you from electricity.
   It protects you from negative energy.
   It affects your resistance to hostile enchantments.
 B - the +2 chain mail of Ladi {rN+}
   (You found it in the Dungeon)

   It protects you from negative energy.
Jewellery
 u - an uncursed ring of flight
   (You found it in the Dungeon)
 v - a +6 ring of intelligence (left hand)
   (You found it in the Dungeon)
 w - a +6 ring of intelligence (right hand)
   (You found it in the Dungeon)
Wands
 c - a wand of disintegration (7)
   (You found it in the Dungeon)
 d - a wand of iceblast (7)
   (You found it in the Dungeon)
 x - a wand of acid (7)
   (You found it in the Dungeon)
Scrolls
 h - 4 scrolls of blinking
 n - 4 scrolls of amnesia
 o - 7 scrolls of fog
 p - 5 scrolls of identify {@r1}
 q - 5 scrolls of remove curse {@r2}
 r - 2 scrolls of fear
 y - a scroll of holy word
Potions
 b - 2 potions of brilliance
 e - 6 potions of haste {@q3}
 f - 7 potions of magic
 g - 3 potions of berserk rage
 i - 2 potions of invisibility
 j - 4 potions of resistance
 l - 5 potions of stabbing
 m - 5 potions of might
 s - 10 potions of curing {@q1}
 t - 10 potions of heal wounds {@q2}
Miscellaneous
 C - a phantom mirror
   (You found it in the Dungeon)
 D - a tin of tremorstones (3/3)
   (You found it in the Dungeon)


   Skills:
 + Level 5.7 Fighting
 - Level 2.4 Dodging
 - Level 2.4 Stealth
 + Level 12.4 Spellcasting
 + Level 11.1 Conjurations


You had 20 spell levels left.
You knew the following spells:

 Your Spells              Type           Power        Failure   Level
a - Magic Dart            Conj           ####         0%          1
b - Poisonous Vapours     Pois/Air       ###...       2%          2
s - Searing Ray           Conj           ######       1%          2
x - Iskenderun's Mystic   Conj/Tloc      ######..     1%          4

Your spell library contained the following spells:

 Spells                   Type           Power        Failure   Level
 Freeze                   Ice            ###.         1%          1
 Conjure Flame            Conj/Fire      ######..     1%          3
 Dazzling Flash           Conj/Hex       ######       1%          3
 Mephitic Cloud           Conj/Pois/Air  ######..     1%          3
 Fulminant Prism          Conj/Hex       ######....   1%          4
 Freezing Cloud           Conj/Ice/Air   ######....   16%         6


Dungeon Overview and Level Annotations

Branches:
Dungeon (1/1)

Altars:
Ashenzari
Cheibriados
Dithmenos
Elyvilon
Fedhas
Gozag
Hepliaklqana
Kikubaaqudgha
Makhleb
Nemelex Xobeh
Okawaru
Qazlal
Ru
Sif Muna
Trog
Uskayaw
Vehumet
Wu Jian
Xom
Yredelemnul
Zin
The Shining One
Beogh
Jiyva
Lugonu

Annotations:
D 1 transporter


Message History

There is a transporter here.
You start resting.
Okay, then.
There are no items here.
Okay, then.
Okay, then.
Welcome to arena 4.
You enter the transporter and appear at another place. 2 ogres, a two-headed ogre and a cyclops come into view.
Found four items.
Unknown command.
Okay, then.
Aim: a cyclops, quivering 2 large rocks (asleep)
You reflect the cyclops with the mirror!
The mirror clouds!
The ogre shouts!
The cyclops shouts!
The ogre shouts!
The cyclops throws a large rock.
The large rock hits you!!
Ouch! That really hurt!
* * * LOW HITPOINT WARNING * * *
Your cyclops hits the cyclops!
Aim: a cyclops, quivering a large rock (lightly wounded)
The searing ray hits the cyclops! (Press . to maintain the ray.)
The ogre hits your cyclops with a +0 giant spiked club!!
The two-headed ogre hits your cyclops with a +0 giant spiked club.
The two-headed ogre hits your cyclops with a +0 giant club!!
The cyclops hits your cyclops.
Your cyclops hits the cyclops but does no damage.
The searing ray hits the ogre!
The searing ray hits the cyclops!
The two-headed ogre hits your cyclops with a +0 giant spiked club!
Your cyclops dies!
Your cyclops's corpse shimmers and vanishes!
The searing ray hits the cyclops!
The searing ray hits the ogre!
The searing ray misses the ogre.
The searing ray hits the cyclops!
You kill the cyclops!
Vehumet accepts your kill.
Vehumet is now aiding your destructive spells.
You feel your power returning.
Your phantom mirror has recharged.
Your Fighting skill gained 3 levels and is now at level 5!
Your Spellcasting skill gained 2 levels and is now at level 12!
Your Conjurations skill gained 2 levels and is now at level 11!
You have reached level 6!
Your experience leads to an increase in your attributes!
Your base attributes are Str 4, Int 24, Dex 13.
Increase (S)trength, (I)ntelligence, or (D)exterity?
You feel clever. (Press . to maintain the ray.)
The ogre hits you with a +0 giant spiked club!
You die...

▓..©..▓..©..▓▓▓▓▓▓▓
▓▓▓▓▓▓▓▓▓▓▓▓▓▓
▓..8©8...▓
▓..[}=...▓
▓...)....▓
▓..O.(...▓
...O....▓
▓.▓.O..▓.▓
▓...@....▓
▓▓▓▓▓▓▓▓▓▓


You could see a two-headed ogre and 2 ogres.

Vanquished Creatures
  A cyclops (D)
  A crimson imp (D)
  An orc priest (D)
  An iron imp (D)
  An orc wizard (D)
  A shadow imp (D)
  3 orcs (D)
  A quokka zombie (D)
10 creatures vanquished.

Notes
Turn   | Place    | Note
-------+----------+-------------------------------------------
     0 | D        | Apogee the Deep Elf Conjurer began the quest for the Orb.
     0 | D        | Reached XP level 1. HP: 10/10 MP: 6/6
     2 | D        | Found a blossoming altar of Fedhas.
     3 | D        | Found the +6 Majin-Bo {vamp, MP+6 Int+6}
     3 | D        | Found the +9 heavy crossbow "Sniper" {vorpal, Acc+∞ SInv}
     3 | D        | Found the +10 dark maul {vorpal}
     3 | D        | Found the +15 Maxwell's patent armour {-Cast -Tele rElec
                  | MR+ rCorr}
     3 | D        | Found the +18 shield of the Gong {rElec rN+ MR+ EV-5}
     3 | D        | Found the cursed +14 obsidian axe {vorpal, +Fly SInv
                  | *Curse}
     3 | D        | Found the +7 great mace "Firestarter" {inner flame, rF++}
     3 | D        | Found the +6 shillelagh "Devastator" {shatter}
     3 | D        | Found the +11 plutonium sword {*Contam Stlth-}
     3 | D        | Found the +8 lance "Wyrmbane" {slay drac, rPois rF+ rC+
                  | AC+3}
     3 | D        | Found the +9 sword of Zonguldrok {reap}
     3 | D        | Found the cursed +13 scythe of Curses {drain, *Curse}
     3 | D        | Found the +0 sword of Power
     3 | D        | Found the +7 mace of Variability {chain chaos}
     3 | D        | Found the +7 Singing Sword {vorpal, sonic wave}
     3 | D        | Found the +8 storm bow {elec, penet}
     5 | D        | Found a shimmering blue altar of Sif Muna.
     5 | D        | Found a sacrificial altar of Ru.
     5 | D        | Found a bloodstained altar of Trog.
     5 | D        | Found a stormy altar of Qazlal.
     5 | D        | Found an iron altar of Okawaru.
     5 | D        | Found a sparkling altar of Nemelex Xobeh.
     7 | D        | Found a transporter.
     7 | D        | Found an ancient bone altar of Kikubaaqudgha.
     7 | D        | Found a viscous altar of Jiyva.
     7 | D        | Found a corrupted altar of Lugonu.
     7 | D        | Found a hazy altar of Hepliaklqana.
     7 | D        | Found a burning altar of Makhleb.
     7 | D        | Found an opulent altar of Gozag.
    37 | D        | Became a worshipper of Vehumet
   140 | D        | Reached skill level 7 in Spellcasting
   140 | D        | Reached XP level 2. HP: 15/15 MP: 6/12
   144 | D        | Learned a level 2 spell: Searing Ray
   187 | D        | Entered arena 2.
   187 | D        | Found a transporter.
   188 | D        | Reached skill level 1 in Fighting
   188 | D        | Reached skill level 8 in Spellcasting
   188 | D        | Reached XP level 3. HP: 20/20 MP: 10/14
   231 | D        | Entered arena 3.
   231 | D        | Found a transporter.
   233 | D        | Reached * piety under Vehumet
   233 | D        | Offered knowledge of Shock by Vehumet.
   235 | D        | Reached XP level 4. HP: 12/26 MP: 9/16
   240 | D        | Got the +2 chain mail of Ladi {rN+}
   248 | D        | Learned a level 4 spell: Iskenderun's Mystic Blast
   251 | D        | Learned a level 2 spell: Poisonous Vapours
   405 | D        | Entered arena 4.
   405 | D        | Found a transporter.
   406 | D        | Reached ** piety under Vehumet
   406 | D        | Offered knowledge of Freeze by Vehumet.
   406 | D        | Reached skill level 9 in Spellcasting
   410 | D        | Reached skill level 10 in Spellcasting
   410 | D        | Reached XP level 5. HP: 32/32 MP: 12/19
   457 | D        | Entered arena 5.
   457 | D        | Noticed a two-headed ogre
   457 | D        | Noticed an ogre
   457 | D        | Noticed an ogre
   457 | D        | Noticed a cyclops
   457 | D        | Found a transporter.
   462 | D        | Killed a cyclops
   462 | D        | Reached *** piety under Vehumet
   462 | D        | Reached skill level 5 in Fighting
   462 | D        | Reached skill level 12 in Spellcasting
   462 | D        | Reached XP level 6. HP: 11/41 MP: 17/23
   462 | D        | Slain by an ogre

Illustrated notes

Levels and vault maps discovered:
D:        sprint_v [room_start, room_1, room_2, room_3, room_4, room_5, room_6,
          room_7, room_8, room_9, room_10, room_11, room_12, room_13, room_14,
          room_15, room_16, room_17, room_18, room_19, room_20, room_21,
          room_22, room_23, room_24, room_25, room_26, room_27]

Skill      XL: |  1  2  3  4  5 |
---------------+----------------+-----
Spellcasting   | 7 8 10 12 | 12.4
Conjurations   | 7 8 9 11 | 11.1
Fighting       | 1 2 5 |  5.7
Dodging        | |  2.4
Stealth        | |  2.4

Action                   |  1- 3 |  4- 6 || total
-------------------------+-------+-------++-------
 Cast: Searing Ray       |     3 |     5 ||     8
Evoke: Phantom mirror    |       |     1 ||     1
  Use: Potion            |     1 |       ||     1

Table legend: (Time is in decaauts)
 A = Elapsed time spent in this place.
 B = Non-inter-level travel time spent in this place.
 C = Inter-level travel time spent in this place.
 D = Time resting spent in this place.
 E = Time spent auto-exploring this place.
 F = Levels seen in this place.
 G = Mean time per level.
                   A        B        C        D        E       F      G
               +--------+--------+--------+--------+--------+-----+--------+
         Total |    460 |    460 |      0 |    261 |      0 |   1 |  460.0 |
       Dungeon |    460 |    460 |      0 |    261 |      0 |   1 |  460.0 |
               +--------+--------+--------+--------+--------+-----+--------+

Top non-repeatable levels by time:
       D: 460 daAuts
